 Dungeon Crawl Stone Soup version 0.23.0 (webtiles) character file.

Game seed: 4711870801066171601

1308 Infinimo the Basher (level 8, -3/71 HPs)
             Began as a Minotaur Fighter on Feb 9, 2019.
             Killed from afar by a steam dragon (11 damage)
             ... with a ball of steam
             ... on level 7 of the Dungeon.
             The game lasted 00:04:20 (3759 turns).

Infinimo the Basher (Minotaur Fighter)              Turns: 3759, Time: 00:04:21

Health: -3/71      AC: 10    Str: 26    XL:     8   Next: 32%
Magic:  7/7        EV:  8    Int:  7    God:
Gold:   159        SH: 11    Dex: 10    Spells: 7/7 levels left

rFire    . . .     SeeInvis .   a - +0 flail
rCold    . . .     Gourm    .   c - +0 shield
rNeg     . . .     Faith    .   b - +0 scale mail
rPois    +         Spirit   .   (helmet restricted)
rElec    .         Reflect  .   m - +1 cloak
rCorr    +         Harm     .   (no gloves)
MR       .....                  (no boots)
Stlth    ..........             w - amulet of rage
HPRegen  0.21/turn              o - ring of resist corrosion
MPRegen  0.10/turn              g - ring of poison resistance

@: mighty
A: retaliatory headbutt, horns 2
a: Evoke Berserk Rage


You were on level 7 of the Dungeon.
You were not hungry.

You visited 1 branch of the dungeon, and saw 5 of its levels.

You collected 159 gold pieces.

Inventory:

Hand Weapons
 a - a +0 flail (weapon)
Armour
 b - a +0 scale mail (worn)
 c - a +0 shield (worn)
 m - a +1 cloak (worn)
Jewellery
 g - a ring of poison resistance (right hand)
 h - an uncursed ring of see invisible
 o - a ring of resist corrosion (left hand)
 w - an amulet of rage (around neck)
Wands
 x - a wand of acid (6)
Scrolls
 e - 3 scrolls of remove curse
 n - a scroll of identify
 r - a scroll of magic mapping
 t - a scroll of random uselessness {unknown}
 v - a scroll of blinking {unknown}
Potions
 d - a potion of might
 i - a potion of magic {unknown}
 j - 2 potions of berserk rage {unknown}
 k - 4 potions of lignification
 l - a potion of cancellation {unknown}
 p - a potion of flight {unknown}
 q - 2 potions of curing
 s - a potion of ambrosia {unknown}
Comestibles
 f - 6 rations
 u - 8 chunks of flesh


   Skills:
 + Level 6.5 Fighting
 * Level 8.0 Maces & Flails
 + Level 6.5 Armour
 + Level 6.4 Shields


You had 7 spell levels left.
You didn't know any spells.
Your spell library was empty.

Dungeon Overview and Level Annotations

Branches:
Dungeon (7/15)
 Temple: D:4-7

Altars:
Dithmenos
Vehumet


Innate Abilities, Weirdness & Mutations

You reflexively headbutt those who attack you in melee.
You have a pair of horns on your head.


Message History

The steam dragon is moderately wounded.
The steam dragon breathes steam at you. The ball of steam hits you!
* * * LOW HITPOINT WARNING * * *
The steam dragon is moderately wounded.
You are engulfed in a cloud of scalding steam.
* * * LOW HITPOINT WARNING * * *
The steam dragon bites you.
* * * LOW HITPOINT WARNING * * *
The steam dragon is moderately wounded.
You furiously retaliate!
You headbutt the steam dragon, but do no damage.
You block the steam dragon's attack.
You feel very mighty all of a sudden. You furiously retaliate!
You headbutt the steam dragon! You headbutt the steam dragon.
The steam dragon is almost dead.
The steam dragon breathes steam at you. The ball of steam hits you!
You die...

.# #.. .... ## ###
#... .# #..# ## #..#
# #?.#####.
#.....>..
#$######§[# ###
#......D.§# ..#
#......@..# #.#
##.#####.## #.# #.#
##.# #.# ######.#
#..# #.# .......#
#.## #.# #.#
#..####.### #.# #.#
#.........#
#.####.###...#####.#
..)).>.......# .#


You could see a steam dragon.

Vanquished Creatures
  A hippogriff (D:7)
  An orc warrior (D:7)
  A sky beast (D:7)
  A phantom (D:6)
  A necrophage (D:6)
  A bullfrog (D:6)
  4 wights (D:7)
  A crimson imp (D:7)
  A bullfrog zombie (D:6)
  A jelly (D:6)
  3 orc priests
  3 iguanas
  4 orc wizards
  A hound zombie (D:6)
  4 gnolls (D:2)
  An adder (D:2)
  An ooze (D:2)
  An adder zombie (D:6)
  A worm (D:2)
  2 leopard geckos
  15 orcs
  A ball python (D:2)
  A giant cockroach (D:2)
  4 hobgoblins
  7 jackals
  10 kobolds
  3 quokkas
  10 bats
  4 frilled lizards
  5 goblins
  A jackal zombie (D:6)
  A quokka zombie (D:6)
  5 rats
101 creatures vanquished.

Notes
Turn   | Place    | Note
-------+----------+-------------------------------------------
     0 | D:1      | Infinimo the Minotaur Fighter began the quest for the Orb.
     0 | D:1      | Reached XP level 1. HP: 19/19 MP: 0/0
   197 | D:1      | Reached XP level 2. HP: 27/27 MP: 1/1
   218 | D:1      | Reached skill level 3 in Maces & Flails
   905 | D:2      | Reached XP level 3. HP: 25/33 MP: 2/2
  1335 | D:2      | Reached XP level 4. HP: 32/40 MP: 3/3
  1594 | D:2      | Reached skill level 4 in Maces & Flails
  1601 | D:2      | Found a radiant altar of Vehumet.
  1861 | D:3      | You fall through a shaft for 3 floors!
  1899 | D:6      | Reached XP level 5. HP: 47/47 MP: 4/4
  1967 | D:6      | Reached skill level 5 in Maces & Flails
  1967 | D:6      | Reached XP level 6. HP: 9/55 MP: 5/5
  2381 | D:6      | Found a shadowy altar of Dithmenos.
  2414 | D:6      | Reached skill level 5 in Fighting
  2414 | D:6      | Reached skill level 5 in Armour
  2414 | D:6      | Reached skill level 5 in Shields
  2595 | D:6      | Reached skill level 6 in Maces & Flails
  2715 | D:6      | Reached XP level 7. HP: 61/61 MP: 6/6
  3292 | D:7      | Reached skill level 7 in Maces & Flails
  3491 | D:7      | Noticed a hippogriff
  3499 | D:7      | Killed a hippogriff
  3499 | D:7      | Reached XP level 8. HP: 65/70 MP: 7/7
  3688 | D:7      | Reached skill level 8 in Maces & Flails
  3759 | D:7      | Killed from afar by a steam dragon

Skill      XL: |  1  2  3  4  5  6  7  8 |
---------------+-------------------------+-----
Maces & Flails | 3 4 5 6 7 8 |  8.0
Fighting       | 4 5 6 |  6.5
Armour         | 4 5 6 |  6.5
Shields        | 4 5 6 |  6.4

Action                   |  1- 3 |  4- 6 |  7- 9 || total
-------------------------+-------+-------+-------++-------
Melee: Flail             |    93 |   102 |   129 ||   324
       Headbutt          |    13 |    16 |    21 ||    50
  Use: Scroll            |     2 |     5 |       ||     7
       Potion            |       |     1 |     2 ||     3
  Eat: Chunk             |     1 |     3 |     6 ||    10
Armor: Scale mail        |    51 |    46 |    53 ||   150
Dodge: Dodged            |    28 |    25 |    33 ||    86
Block: Shield            |    48 |    58 |    47 ||   153
